TOP OF THE 1ST |
Eugene Emeralds batting - Pitching for Batavia Muckdogs : RHP Mike Shields
|
Pitching: RHP Mike Shields
|
|
Batting: RHB Du Kim
|
0-0: Ball 1-0: Ground out 6-3 (Groundball, 6, EV 85.6 MPH)
|
Batting: RHB Ricky Ramirez
|
0-0: Ball 1-0: Ball 2-0: Swinging Strike 2-1: Ground out 5-3 (Groundball, 5, EV 82.5 MPH)
|
Batting: RHB Mike Hill
|
0-0: SINGLE (Groundball, 6M, EV 80.6 MPH) (infield hit)
|
Batting: RHB Bill Holmes
|
0-0: Ball 1-0: Called Strike 1-1: Foul Ball, location: 2F 1-2: Ball 2-2: Ball 3-2: Strikes out swinging
|
Top of the 1st over - 0 runs, 1 hit, 0 errors, 1 left on base; Eugene 0 - Batavia 0 |
BOTTOM OF THE 1ST |
Batavia Muckdogs batting - Pitching for Eugene Emeralds : RHP Joshua Vincent
|
Pitching: RHP Joshua Vincent
|
|
Batting: SHB Justin Corbett
|
0-0: Ball 1-0: Foul Ball, location: 2F 1-1: Foul Ball, location: 2F 1-2: Ball 2-2: Foul Ball, location: 2F 2-2: Foul Ball, location: 2F 2-2: Foul Ball, location: 2F 2-2: Ball 3-2: SINGLE (Groundball, 4D, EV 101.2 MPH)
|
Batting: LHB Danny Treto
|
0-0: Ball 1-0: Ball 2-0: Foul Ball, location: 2F 2-1: Foul Ball, location: 2F 2-2: Ball 3-2: Hit by Pitch Justin Corbett to second
|
Batting: RHB Reomel Somera
|
0-0: Fly out, F9 (Flyball, 9S, EV 86.9 MPH)
|
Batting: RHB Justin Dunham
|
0-0: Ball 1-0: Foul Ball, location: 2F 1-1: Called Strike 1-2: Strikes out swinging
|
Batting: SHB Greg Rivera
|
0-0: Ball 1-0: Foul Ball, location: 2F 1-1: Foul Ball, location: 2F 1-2: Fielders Choice at 2nd, 5-4 (Groundball, 56, EV 76.9 MPH)
|
Bottom of the 1st over - 0 runs, 1 hit, 0 errors, 2 left on base; Eugene 0 - Batavia 0 |
TOP OF THE 2ND |
Eugene Emeralds batting - Pitching for Batavia Muckdogs : RHP Mike Shields
|
Batting: RHB Adrian Cox
|
0-0: Ball 1-0: Foul Ball, location: 2F 1-1: Ball 2-1: Foul Ball, location: 2F 2-2: Ground out 5-3 (Groundball, 56, EV 92.5 MPH)
|
Batting: RHB Dave de Wolff
|
0-0: Ball 1-0: Foul Ball, location: 2F 1-1: Ball 2-1: Foul Ball, location: 2F 2-2: Ball 3-2: Ground out 3-1 (Groundball, 34S, EV 88.1 MPH)
|
Batting: RHB Gilberto Alvarado
|
0-0: Ball 1-0: Ball 2-0: Called Strike 2-1: Swinging Strike 2-2: Ground out 4-3 (Groundball, 34, EV 77.5 MPH)
|
Top of the 2nd over - 0 runs, 0 hits, 0 errors, 0 left on base; Eugene 0 - Batavia 0 |
BOTTOM OF THE 2ND |
Batavia Muckdogs batting - Pitching for Eugene Emeralds : RHP Joshua Vincent
|
Batting: RHB George Boivin
|
0-0: Ball 1-0: Ball 2-0: Ball 3-0: Called Strike 3-1: Foul Ball, location: 2F 3-2: Foul Ball, location: 2F 3-2: Ground out 5-3 (Groundball, 25, EV 83.1 MPH)
|
Batting: RHB Jason Thrash
|
0-0: Called Strike 0-1: Foul Ball, location: 2F 0-2: Ball 1-2: Ball 2-2: Foul Ball, location: 2F 2-2: Fly out, F9 (Flyball, 9LSF, EV 82.5 MPH)
|
Batting: RHB Hiromitsu Yamada
|
0-0: Foul Ball, location: 2F 0-1: Ball 1-1: Ball 2-1: Ball 3-1: Swinging Strike 3-2: Ground out U3 (Groundball, 3S, EV 77.5 MPH)
|
Bottom of the 2nd over - 0 runs, 0 hits, 0 errors, 0 left on base; Eugene 0 - Batavia 0 |
TOP OF THE 3RD |
Eugene Emeralds batting - Pitching for Batavia Muckdogs : RHP Mike Shields
|
Batting: RHB David Bousfield
|
0-0: Foul Ball, location: 2F 0-1: Ball 1-1: Swinging Strike 1-2: Ball 2-2: Strikes out looking
|
Batting: RHB Dan Orozco
|
0-0: Foul Ball, location: 2F 0-1: Swinging Strike 0-2: Foul Ball, location: 2F 0-2: Foul Ball, location: 2F 0-2: Strikes out swinging
|
Batting: RHB Du Kim
|
0-0: Ball 1-0: Ball 2-0: Called Strike 2-1: Foul Ball, location: 2F 2-2: Foul Ball, location: 2F 2-2: Ground out 4-3 (Groundball, 4M, EV 78.1 MPH)
|
Top of the 3rd over - 0 runs, 0 hits, 0 errors, 0 left on base; Eugene 0 - Batavia 0 |
BOTTOM OF THE 3RD |
Batavia Muckdogs batting - Pitching for Eugene Emeralds : RHP Joshua Vincent
|
Batting: RHB Jeremy Dennis
|
0-0: Ball 1-0: Swinging Strike 1-1: Foul Ball, location: 2F 1-2: Ball 2-2: Foul Ball, location: 2F 2-2: Strikes out looking
|
Batting: SHB Justin Corbett
|
0-0: Ball 1-0: Ball 2-0: Ball 3-0: Base on Balls
|
Batting: LHB Danny Treto
|
0-0: Ball Justin Corbett steals 2nd base 1-0: Ground out 6-3 (Groundball, 6M, EV 105.6 MPH) Justin Corbett to third
|
Batting: RHB Reomel Somera
|
0-0: Ball 1-0: Ground out 4-3 (Groundball, 4S, EV 87.5 MPH)
|
Bottom of the 3rd over - 0 runs, 0 hits, 0 errors, 1 left on base; Eugene 0 - Batavia 0 |
TOP OF THE 4TH |
Eugene Emeralds batting - Pitching for Batavia Muckdogs : RHP Mike Shields
|
Batting: RHB Ricky Ramirez
|
0-0: Ball 1-0: Called Strike 1-1: Called Strike 1-2: Foul Ball, location: 2F 1-2: Ball 2-2: Foul Ball, location: 2F 2-2: Strikes out swinging
|
Batting: RHB Mike Hill
|
0-0: Called Strike 0-1: Foul Ball, location: 2F 0-2: Strikes out swinging
|
Batting: RHB Bill Holmes
|
0-0: Ball 1-0: Foul Ball, location: 2F 1-1: Ball 2-1: Called Strike 2-2: Ground out U3 (Groundball, 34S, EV 88.1 MPH)
|
Top of the 4th over - 0 runs, 0 hits, 0 errors, 0 left on base; Eugene 0 - Batavia 0 |
BOTTOM OF THE 4TH |
Batavia Muckdogs batting - Pitching for Eugene Emeralds : RHP Joshua Vincent
|
Batting: RHB Justin Dunham
|
0-0: Ground out 6-3 (Groundball, 56, EV 98.8 MPH)
|
Batting: SHB Greg Rivera
|
0-0: Ball 1-0: Ball 2-0: Fly out, F8 (Line Drive, 8RM, EV 96.2 MPH)
|
Batting: RHB George Boivin
|
0-0: Swinging Strike 0-1: Foul Ball, location: 2F 0-2: Ball 1-2: SINGLE (Groundball, 56D, EV 108.1 MPH)
|
Batting: RHB Jason Thrash
|
0-0: Fielders Choice at 2nd, 5-4 (Groundball, 56, EV 101.2 MPH)
|
Bottom of the 4th over - 0 runs, 1 hit, 0 errors, 1 left on base; Eugene 0 - Batavia 0 |
TOP OF THE 5TH |
Eugene Emeralds batting - Pitching for Batavia Muckdogs : RHP Mike Shields
|
Batting: RHB Adrian Cox
|
0-0: Called Strike 0-1: Ball 1-1: Ball 2-1: Foul Ball, location: 2F 2-2: Foul Ball, location: 2F 2-2: Strikes out swinging
|
Batting: RHB Dave de Wolff
|
0-0: Called Strike 0-1: Hit by Pitch
|
Batting: RHB Gilberto Alvarado
|
0-0: Ball 1-0: Foul Ball, location: 2F 1-1: Fielders Choice at 2nd, 6-4 (Groundball, 6, EV 108.1 MPH)
|
Batting: RHB David Bousfield
|
0-0: Swinging Strike 0-1: Called Strike 0-2: Ball Wild Pitch! Gilberto Alvarado to second 1-2: Strikes out swinging
|
Top of the 5th over - 0 runs, 0 hits, 0 errors, 1 left on base; Eugene 0 - Batavia 0 |
BOTTOM OF THE 5TH |
Batavia Muckdogs batting - Pitching for Eugene Emeralds : RHP Joshua Vincent
|
Batting: RHB Hiromitsu Yamada
|
0-0: Ball 1-0: Reached on error, E5 (Groundball, 56, EV 88.1 MPH)
|
Batting: RHB Jeremy Dennis
|
0-0: Ball 1-0: Ball 2-0: Called Strike 2-1: Ball 3-1: Base on Balls
|
Batting: SHB Justin Corbett
|
0-0: Ball 1-0: Foul Ball, location: 2F 1-1: Ball 2-1: Foul Ball, location: 2F 2-2: Foul Ball, location: 2F 2-2: Foul Ball, location: 2F 2-2: Foul Ball, location: 2F 2-2: Ball 3-2: 3-RUN HOME RUN (Flyball, 89XD, EV 111.2 MPH), Distance : 406 ft
|
Pitching: RHP Victor de Leon
|
|
Batting: LHB Danny Treto
|
0-0: Ball 1-0: Ground out 4-3 (Groundball, 4M, EV 100.6 MPH)
|
Batting: RHB Reomel Somera
|
0-0: Foul Ball, location: 2F 0-1: Ball 1-1: Called Strike 1-2: Reached on error, E5 (Groundball, 5S, EV 61.9 MPH)
|
Batting: RHB Justin Dunham
|
0-0: Ball 1-0: Foul Ball, location: 2F 1-1: Ball Pickoff Throw to First - Error! E1 Reomel Somera to second 2-1: Ball 3-1: Base on Balls
|
Batting: SHB Greg Rivera
|
0-0: Swinging Strike 0-1: Ball 1-1: Fly out, F8 (Flyball, 8RXD, EV 91.9 MPH) Runner from 2nd tags up, SAFE at 3rd, no throw by CF
|
Batting: RHB George Boivin
|
0-0: Ball 1-0: Ball 2-0: Ball 3-0: Base on Balls Justin Dunham to second
|
Batting: RHB Jason Thrash
|
0-0: Ball 1-0: Called Strike 1-1: Ball 2-1: Ball 3-1: Base on Balls Reomel Somera scores Justin Dunham to third George Boivin to second
|
Batting: RHB Hiromitsu Yamada
|
0-0: Ball 1-0: Ground out 6-3 (Groundball, 6D, EV 100.6 MPH)
|
Bottom of the 5th over - 4 runs, 1 hit, 3 errors, 3 left on base; Eugene 0 - Batavia 4 |
TOP OF THE 6TH |
Eugene Emeralds batting - Pitching for Batavia Muckdogs : RHP Mike Shields
|
Batting: RHB Dan Orozco
|
0-0: Ball 1-0: Foul Ball, location: 2F 1-1: Swinging Strike 1-2: Strikes out swinging
|
Batting: RHB Du Kim
|
0-0: Ball 1-0: Ground out 4-3 (Groundball, 4, EV 82.5 MPH)
|
Batting: RHB Ricky Ramirez
|
0-0: Swinging Strike 0-1: Ball 1-1: Fly out, F8 (Flyball, 8RD, EV 101.2 MPH)
|
Top of the 6th over - 0 runs, 0 hits, 0 errors, 0 left on base; Eugene 0 - Batavia 4 |
BOTTOM OF THE 6TH |
Batavia Muckdogs batting - Pitching for Eugene Emeralds : RHP Victor de Leon
|
Batting: RHB Jeremy Dennis
|
0-0: Swinging Strike 0-1: Ball 1-1: Ball 2-1: Ball 3-1: Base on Balls
|
Batting: SHB Justin Corbett
|
0-0: Called Strike Jeremy Dennis steals 2nd base (no throw) 0-1: Ball 1-1: Foul Ball, location: 2F 1-2: Strikes out looking
|
Pitching: RHP Reginald Bamber
|
|
Batting: LHB Danny Treto
|
0-0: Ball Jeremy Dennis steals 3rd base 1-0: Ball 2-0: SINGLE (Groundball, 34D, EV 98.1 MPH) Jeremy Dennis scores
|
Batting: RHB Reomel Somera
|
0-0: Called Strike 0-1: Called Strike 0-2: Ball 1-2: Ball 2-2: Foul Ball, location: 2F 2-2: Strikes out swinging
|
Batting: RHB Justin Dunham
|
0-0: Called Strike Danny Treto is caught stealing 2nd base 2-4
|
Bottom of the 6th over - 1 run, 1 hit, 0 errors, 0 left on base; Eugene 0 - Batavia 5 |
TOP OF THE 7TH |
Eugene Emeralds batting - Pitching for Batavia Muckdogs : RHP Mike Shields
|
Batting: RHB Mike Hill
|
0-0: Ball 1-0: Ball 2-0: Ground out 6-3 (Groundball, 6, EV 86.2 MPH)
|
Batting: RHB Bill Holmes
|
0-0: Ball 1-0: Foul Ball, location: 2F 1-1: Swinging Strike 1-2: Ball 2-2: Ball 3-2: Base on Balls
|
Batting: RHB Adrian Cox
|
0-0: Ball 1-0: Ball 2-0: Foul Ball, location: 2F 2-1: Fielders Choice at 2nd, 5-4 (Groundball, 56S, EV 79.4 MPH)
|
Batting: RHB Dave de Wolff
|
0-0: Ball 1-0: Fly out, F3 (Line Drive, 34, EV 73.1 MPH)
|
Top of the 7th over - 0 runs, 0 hits, 0 errors, 1 left on base; Eugene 0 - Batavia 5 |
BOTTOM OF THE 7TH |
Batavia Muckdogs batting - Pitching for Eugene Emeralds : RHP Reginald Bamber
|
Batting: RHB Justin Dunham
|
0-0: Foul Ball, location: 2F 0-1: Called Strike 0-2: Ground out 4-3 (Groundball, 4M, EV 101.2 MPH)
|
Batting: SHB Greg Rivera
|
0-0: Ball 1-0: Ball 2-0: TRIPLE (Flyball, 9LD, EV 106.9 MPH)
|
Batting: RHB George Boivin
|
0-0: Ground out 5-3 (Groundball, 56, EV 84.4 MPH) Greg Rivera scores
|
Batting: RHB Jason Thrash
|
0-0: Called Strike 0-1: Called Strike 0-2: Foul Ball, location: 2F 0-2: Ball 1-2: Ball 2-2: Foul Ball, location: 2F 2-2: Strikes out swinging
|
Bottom of the 7th over - 1 run, 1 hit, 0 errors, 0 left on base; Eugene 0 - Batavia 6 |
TOP OF THE 8TH |
Eugene Emeralds batting - Pitching for Batavia Muckdogs : RHP Mike Shields
|
Pitching: RHP Alfonso Mier
|
|
Batting: RHB Gilberto Alvarado
|
0-0: Ground out 5-3 (Groundball, 15, EV 85.0 MPH)
|
Batting: RHB David Bousfield
|
0-0: Ball 1-0: Fly out, F9 (Line Drive, 89S, EV 95.0 MPH)
|
Batting: RHB Dan Orozco
|
0-0: Ball 1-0: Foul Ball, location: 2F 1-1: Ball 2-1: Foul Ball, location: 2F 2-2: Strikes out looking
|
Top of the 8th over - 0 runs, 0 hits, 0 errors, 0 left on base; Eugene 0 - Batavia 6 |
BOTTOM OF THE 8TH |
Batavia Muckdogs batting - Pitching for Eugene Emeralds : RHP Reginald Bamber
|
Batting: RHB Hiromitsu Yamada
|
0-0: Ball 1-0: Called Strike 1-1: Swinging Strike 1-2: Strikes out swinging
|
Batting: RHB Jeremy Dennis
|
0-0: Called Strike 0-1: Ball 1-1: Called Strike 1-2: Strikes out swinging
|
Batting: SHB Justin Corbett
|
0-0: Called Strike 0-1: Swinging Strike 0-2: Ball 1-2: SINGLE (Line Drive, 6D, EV 103.1 MPH)
|
Pitching: LHP Wilhelm Myers
|
|
Batting: LHB Danny Treto
|
0-0: Ball 1-0: Ball 2-0: Ball 3-0: Base on Balls Justin Corbett to second
|
Batting: RHB Reomel Somera
|
0-0: Ball 1-0: Foul Ball, location: 2F 1-1: Called Strike 1-2: DOUBLE (Line Drive, 8RD, EV 106.9 MPH) Justin Corbett scores Danny Treto to third
|
Batting: RHB Justin Dunham
|
0-0: Ball 1-0: Ball 2-0: TRIPLE (Line Drive, 78XD, EV 113.1 MPH) Danny Treto scores Reomel Somera scores
|
Batting: SHB Greg Rivera
|
0-0: 2-RUN HOME RUN (Flyball, 78XD, EV 100.0 MPH), Distance : 401 ft
|
Pitching: RHP Carsten Kosters
|
|
Batting: RHB George Boivin
|
0-0: Called Strike 0-1: Foul Ball, location: 2F 0-2: Ball 1-2: Ball 2-2: SOLO HOME RUN (Flyball, 89XD, EV 99.4 MPH), Distance : 393 ft
|
Batting: RHB Jason Thrash
|
0-0: Called Strike 0-1: Foul Ball, location: 2F 0-2: Ball 1-2: Foul Ball, location: 2F 1-2: Ball 2-2: Strikes out swinging
|
Bottom of the 8th over - 6 runs, 5 hits, 0 errors, 0 left on base; Eugene 0 - Batavia 12 |
TOP OF THE 9TH |
Eugene Emeralds batting - Pitching for Batavia Muckdogs : RHP Alfonso Mier
|
Batting: RHB Du Kim
|
0-0: Ball 1-0: Ball 2-0: Ball 3-0: Called Strike 3-1: Called Strike 3-2: Foul Ball, location: 2F 3-2: Strikes out swinging
|
Batting: RHB Ricky Ramirez
|
0-0: Called Strike 0-1: Ground out 5-3 (Groundball, 56, EV 88.1 MPH)
|
Pinch Hitting: RHB Bartolo Aguilar
|
0-0: Ball 1-0: Ball 2-0: Fly out, F2 (Popup, 23F, EV 88.8 MPH)
|
Top of the 9th over - 0 runs, 0 hits, 0 errors, 0 left on base; Eugene 0 - Batavia 12 |
|